 Dungeon Crawl Stone Soup version 0.30.1-3-gfc49f6343a (webtiles) character file.

Game seed: 9955483965463078847

43 JacoesBerries the Magician (level 3, 0/19 HPs)
             Began as a Deep Elf Venom Mage on Aug 2, 2023.
             Slain by an orc wizard
             ... wielding a +0 dagger
              (3 damage)
             ... on level 3 of the Dungeon.
             The game lasted 00:14:13 (1740 turns).

JacoesBerries the Magician (Deep Elf Venom Mage)    Turns: 1740, Time: 00:14:13

Health: 0/19       AC:  2    Str:  5 (7)  XL:     3   Next: 37%
Magic:  4/10       EV: 12    Int: 17 (19) God:
Gold:   73         SH:  0    Dex: 14 (15) Spells: 3/9 levels left

rFire   + . .        c - +0 mace (protect)
rCold   x . .        (no shield)
rNeg    . . .        a - +0 robe
rPois   .            (no helmet)
rElec   .            (no cloak)
rCorr   .            (no gloves)
SInv    .            (no boots)
Will    .....        (no amulet)
Stlth   ++           k - ring of flight
HPRegen 0.23/turn    j - ring of fire
MPRegen 0.12/turn

%: no passive effects
@: flying
A: no striking features
a: no special abilities


You were on level 3 of the Dungeon.
You visited 1 branch of the dungeon, and saw 3 of its levels.

You collected 73 gold pieces.

Inventory:

Hand Weapons
 b - a +0 dagger of venom
 c - a +0 mace of protection (weapon)
 i - a +0 dagger
Armour
 a - a +0 robe (worn)
 f - a +2 scale mail of willpower
 h - a +0 scale mail
Jewellery
 j - a ring of fire (right hand)
 k - a ring of flight (left hand)
Scrolls
 g - a scroll of noise {unknown}
Potions
 d - a potion of resistance {unknown}
 e - a potion of curing


   Skills:
 * Level 0.5 Armour
 + Level 2.8 Dodging
 + Level 2.5 Stealth
 + Level 3.8 Spellcasting
 + Level 1.4 Transmutations
 + Level 0.3 Air Magic
 + Level 3.7 Poison Magic


You had 3 spell levels left.
You knew the following spells:

 Your Spells              Type           Power      Damage    Failure   Level
a - Sting                 Tmut/Pois      48%        1d5       5%          1
b - Poisonous Vapours     Pois/Air       20%        N/A       11%         2
c - Mephitic Cloud        Conj/Pois/Air  7%         N/A       26%         3

Your spell library contained the following spells:

 Spells                   Type           Power      Damage    Failure   Level
 Olgreb's Toxic Radiance  Pois           16%        N/A       34%         4


Dungeon Overview and Level Annotations

Branches:
Dungeon (2/15)

Altars:

Annotations:
D:2 Robin


Message History

Your weapon exudes an aura of protection.
The orc is moderately wounded.
The orc hits you but does no damage.
You hit the orc.
You kill the orc!
You barely miss something. Something completely misses you.
Something barely misses you. The dart slug launches a dart at you.
The slug dart hits something.
You miss something. Something hits you but does no damage.
The dart slug launches a dart at you.
The slug dart hits something.
Your magical contamination has completely faded away.
You barely miss something. Something hits you. x2
You hit something but do no damage.
Your weapon exudes an aura of protection.
Something hits you but does no damage.
You closely miss something. Something hits you.
The dart slug launches a dart at you.
The slug dart hits something.
You barely miss something. Something hits you.
You hear some strange, mumbled words.
Something tries to affect you, but you resist.
You miss something. Something hits you.
You hit something.
Your weapon exudes an aura of protection.
Something hits you but does no damage. x2
You barely miss something. Something hits you but does no damage.
The dart slug launches a dart at you. The slug dart hits you.
* * * LOW HITPOINT WARNING * * *
Casting: Sting (safe; 5% risk of failure)
Confirm with . or Enter, or press ? or * to list all spells.
Aiming: Sting (safe; 5% risk of failure)
Press: ? - help, Shift-Dir - straight line, f - dart slug
Aim: a dart slug (100% to hit)
The sting hits the dart slug.
The dart slug is poisoned.
The dart slug is heavily wounded.
Something hits you.
You die...

#.####### #.#.....#
#.#.###.# #####.#.#
#)######## ......).#
#.@{w.....
.##.....###########.
#.............
#.....########
#....(# #.....#
#.....# #.....#
#.....#


You could see a dart slug (poisoned).

Vanquished Creatures
  A dart slug (D:1)
  3 orcs (D:3)
  3 ball pythons (D:1)
  An endoplasm (D:2)
  A giant cockroach (D:2)
  8 goblins
  3 hobgoblins (D:1)
  5 kobolds (D:1)
  2 quokkas (D:1)
  3 bats (D:1)
  4 rats (D:1)
34 creatures vanquished.

Notes
Turn   | Place    | Note
-------+----------+-------------------------------------------
     0 | D:1      | JacoesBerries the Deep Elf Venom Mage began the quest for
                  | the Orb.
     0 | D:1      | Reached XP level 1. HP: 10/10 MP: 6/6
   368 | D:1      | Reached XP level 2. HP: 15/15 MP: 8/8
   600 | D:1      | Learned a level 2 spell: Poisonous Vapours
  1125 | D:2      | Noticed Robin
  1134 | D:2      | Reached XP level 3. HP: 14/19 MP: 1/10
  1335 | D:1      | Learned a level 3 spell: Mephitic Cloud
  1476 | D:2      | You are sucked into a shaft and drop 1 floor!
  1740 | D:3      | Slain by an orc wizard

Illustrated notes

Levels and vault maps discovered:
D:1:      onia_arrival_pyramid, layout_basic, minmay_hexomino_p4
D:2:      layout_basic, nicolae_wormholes, uniq_natasha, uniq_robin,
          uniq_jessica
D:3:      layout_basic, chequers_jeans, uniq_grinder

Action                     || total
---------------------------++-------
  Melee: Mace              ||    76
   Cast: Sting             ||    20
         Poisonous Vapours ||     6
         Mephitic Cloud    ||     6
    Use: Scroll            ||     5
         Potion            ||     4
   Stab: Sleeping          ||     1
 Armour: Scale mail        ||    65
         Robe              ||    18
  Dodge: Dodged            ||    65
